 Dungeon Crawl Stone Soup version 0.21-a0-137-g951aa02 (webtiles) character file.

37 lauthentik the Sneak (level 3, -3/24 HPs)
             Began as a Vampire Enchanter on July 18, 2017.
             Slain by an adder (4 damage)
             ... on level 2 of the Dungeon.
             The game lasted 00:02:46 (1149 turns).

lauthentik the Sneak (Vampire Enchanter)            Turns: 1149, Time: 00:02:47

Health: -3/24      AC:  3    Str:  7    XL:     3   Next: 21%
Magic:  0/6        EV: 13    Int: 18    God:
Gold:   71         SH:  0    Dex: 14    Spells: 3/6 levels left

rFire    . . .     SeeInvis +   a - +1 dagger
rCold    . . .     Gourm    .   (no shield)
rNeg     + . .     Faith    .   b - +0 robe
rPois    .         Spirit   .   (no helmet)
rElec    .         Reflect  .   (no cloak)
rCorr    .         Harm     .   (no gloves)
MR       .....                  f - +0 pair of boots
Stlth    +++.......             g - amulet of regeneration
HPRegen  0.08/turn              (no ring)
MPRegen  0.10/turn              (no ring)

@: lethally poisoned (-3 -> -12)
A: fangs 3, see invisible, unbreathing
a: Bat Form


You were on level 2 of the Dungeon.
You were not thirsty.

You visited 1 branch of the dungeon, and saw 2 of its levels.

You collected 71 gold pieces.

Inventory:

Hand Weapons
 a - a +1 dagger (weapon)
Armour
 b - a +0 robe (worn)
 f - a +0 pair of boots (worn)
Jewellery
 g - an amulet of regeneration (around neck)
Scrolls
 e - a scroll of teleportation {unknown}
Potions
 d - 8 potions of blood
Books
 c - a book of Maledictions

   Spells                             Type                      Level
   a - Corona                         Hexes                        1
   b - Ensorcelled Hibernation        Hexes/Ice                    2
   c - Confuse                        Hexes                        3
   d - Tukima's Dance                 Hexes                        3
   e - Dazzling Spray                 Conjuration/Hexes            3


   Skills:
 + Level 1.1 Short Blades
 + Level 2.3 Dodging
 + Level 5.4 Stealth
 + Level 2.2 Spellcasting
 + Level 5.1 Hexes
 + Level 0.2 Ice Magic


You had 3 spell levels left.
You knew the following spells:

 Your Spells              Type           Power        Failure   Level  Hunger
a - Ensorcelled Hibernat  Hex/Ice        ##....       9%          2    ##.....
b - Corona                Hex            ###....      2%          1    #......


Dungeon Overview and Level Annotations

Branches:
Dungeon (2/15)

Altars:


Innate Abilities, Weirdness & Mutations

You have razor-sharp teeth.
You have supernaturally acute eyesight. (SInv)
You can survive without breathing.


Message History

The adder resists with some effort.
You feel sick. The adder bites you.
* * * LOW HITPOINT WARNING * * *
The adder bites you but does no damage.
You are too injured to fight recklessly!
Casting: Ensorcelled Hibernation
Confirm with . or Enter, or press ? or * to list all spells.
Aiming: Ensorcelled Hibernation
Press: ? - help, Shift-Dir - straight line, f/p - adder
Aim: an adder (moderately wounded, chance to defeat MR: 50%)
The adder resists with some effort.
* * * LOW HITPOINT WARNING * * *
You feel sick. The adder bites you but does no damage.
The adder closely misses you.
* * * LOW HITPOINT WARNING * * *
You feel sick. The adder bites you.
* * * LOW HITPOINT WARNING * * *
Yummy - fresh blood!
* * * LOW HITPOINT WARNING * * *
You feel sick. The adder barely misses you. The adder bites you.
You die...

..... ..... #####....
#....... #.....#
#####.....#####
###.......S.....#
...(....!@S.....#
........###.....#
........# ######
..#.....#######
...............
#.#.....####### .... .
#####.....#### ... #
..............##....#..
######...........##.#..


You could see 2 adders.

Vanquished Creatures
  An ooze (D:2)
  2 leopard geckos
  A ball python (D:1)
  6 bats
  3 giant cockroaches (D:1)
  2 goblins (D:1)
  4 hobgoblins (D:1)
  A quokka (D:2)
  A kobold (D:2)
  5 rats
26 creatures vanquished.

Notes
Turn   | Place    | Note
-------+----------+-------------------------------------------
     0 | D:1      | lauthentik the Vampire Enchanter began the quest for the Orb.
     0 | D:1      | Reached XP level 1. HP: 13/13 MP: 3/3
   366 | D:1      | Reached XP level 2. HP: 13/19 MP: 3/5
   373 | D:1      | Learned a level 2 spell: Ensorcelled Hibernation
   703 | D:1      | Reached skill level 5 in Stealth
   803 | D:1      | Reached skill level 5 in Hexes
  1017 | D:2      | Reached XP level 3. HP: 8/24 MP: 1/6
  1149 | D:2      | HP: 1/24 [poisoned by an adder]
  1149 | D:2      | Slain by an adder

Vault maps used:
D:1:      dpeg_arrival_round_c
D:2:      makhleb_altar_promises_db

Skill      XL: |  1  2 |
---------------+-------+-----
Stealth        | 5 |  5.4
Hexes          | 5 |  5.1
Short Blades   | |  1.1
Dodging        | |  2.3
Spellcasting   | |  2.2
Ice Magic      | |  0.2

Action                   || total
-------------------------++-------
Melee: Dagger            ||    79
       Bite              ||     3
 Cast: Corona            ||     6
       Ensorcelled Hiber ||    14
  Use: Potion            ||     1
 Stab: Sleeping          ||    14
Armor: Robe              ||    24
Dodge: Dodged            ||    47
